AoeStats
← zamithdaniel

Black Forest

506311786Analyzed
3v3 RM · 20d ago on Sep 13, 2026· 59m 48s· 6 players
Game mode
Random Map
Map size
Normal (6 player)
Population
200
Speed
Normal
Resources
Standard
Victory
Conquest
Starting age
Dark Age
Ending age
Imperial Age
RankedLock teamsTeams togetherTeam positionsShared explorationLock speedFull tech treeHidden civsTurbo modeCheats
Victory
Defeat
🇨🇴 Britons · Colombia
894
+13
🇨🇴 Turks · Colombia
890
+13
🇨🇴 Persians · Colombia
828
+15
🇲🇽 Aztecs · Mexico
855
-15
🇨🇴 Turks · Colombia
825
-14
🇮🇩 Hindustanis · Indonesia
789
-12
joelviteladelacruz
0:32 Loom
14:24 Feudal Age
16:01 Wheelbarrow
15:13 Town Watch
17:55 Fletching
19:09 Fishing Lines
19:20 Double-Bit Axe
21:19 Horse Collar
23:49 Forging
30:11 Castle Age
30:28 Gold Mining
30:26 Pikeman
31:30 Bow Saw
31:23 Gambesons
31:38 Squires
31:23 Arson
31:28 Man-at-Arms
33:03 Hand Cart
32:25 Long Swordsman
33:48 Gillnets
34:05 Stone Mining
35:55 Stone Shaft Mining
34:57 Crossbowman
39:03 Town Patrol
42:40 Imperial Age
41:27 Gold Shaft Mining
41:33 Heavy Plow
43:54 Conscription
44:32 Atlatl
43:56 Elite Skirmisher
46:06 Garland Wars
45:29 Two-Handed Swordsman
47:26 Champion
50:45 Crop Rotation
49:54 Elite Jaguar Warrior
51:12 Sappers
51:39 Treadmill Crane
53:01 Chemistry
53:49 Iron Casting
53:33 Scale Mail Armor
53:28 Bodkin Arrow
54:10 Padded Archer Armor
54:44 Ballistics
54:30 Siege Engineers
56:09 Blast Furnace
55:25 Leather Archer Armor
55:25 Chain Mail Armor
56:47 Clinker Construction
56:48 Bracer
57:35 Plate Mail Armor
Fulgur
0:44 Loom
12:09 Feudal Age
20:37 Castle Age
20:45 Double-Bit Axe
22:11 Wheelbarrow
28:42 Gold Mining
29:27 Fletching
29:58 Town Watch
30:11 Bodkin Arrow
30:17 Padded Archer Armor
30:05 Crossbowman
33:38 Forging
33:29 Scale Mail Armor
36:33 Scale Barding Armor
36:51 Chain Mail Armor
37:06 Ballistics
40:00 Horse Collar
40:15 Stone Mining
43:54 Leather Archer Armor
43:48 Thumb Ring
44:18 Bloodlines
44:09 Husbandry
49:43 Imperial Age
48:47 Iron Casting
48:17 Scale Barding Armor
48:23 Caravan
50:01 Squires
55:22 Conscription
54:25 Elite Janissary
Miyu.
10:43 Feudal Age
13:22 Horse Collar
13:31 Double-Bit Axe
14:55 Fishing Lines
18:21 Arson
22:22 Castle Age
23:23 Gold Mining
23:24 Stone Mining
28:16 Coinage
28:21 Forging
28:13 Scale Mail Armor
28:19 Scale Barding Armor
28:06 Fletching
30:22 Pikeman
32:39 Ballistics
32:15 Murder Holes
32:48 Bow Saw
33:42 Bodkin Arrow
33:49 Padded Archer Armor
35:41 Heavy Plow
35:59 Grand Trunk Road
37:17 Wheelbarrow
37:28 Caravan
38:37 Chain Mail Armor
38:58 Iron Casting
38:45 Chain Barding Armor
40:16 Gold Shaft Mining
40:43 Husbandry
40:55 Bloodlines
41:43 Stone Shaft Mining
43:57 Imperial Age
42:12 Gillnets
43:21 Hand Cart
45:02 Conscription
44:11 Elite Ghulam
44:58 Heavy Camel Rider
46:53 Imperial Camel Rider
49:11 Chemistry
48:16 Siege Engineers
48:24 Onager
53:55 Blast Furnace
53:33 Plate Barding Armor
53:01 Bracer
57:28 Squires
Griffith
0:38 Loom
13:24 Feudal Age
24:08 Castle Age
30:04 Padded Archer Armor
29:54 Fletching
30:15 Forging
30:05 Scale Mail Armor
30:12 Scale Barding Armor
31:52 Leather Archer Armor
31:33 Bodkin Arrow
34:38 Horse Collar
35:36 Wheelbarrow
37:26 Hand Cart
38:03 Chain Barding Armor
37:53 Gold Mining
38:08 Heavy Plow
37:58 Double-Bit Axe
39:28 Ballistics
42:15 Imperial Age
40:41 Masonry
40:32 Murder Holes
41:21 Kamandaran
40:44 Crossbowman
41:29 Thumb Ring
43:08 Ring Archer Armor
43:14 Plate Barding Armor
42:50 Elite War Elephant
43:56 Conscription
47:25 Chemistry
46:35 Heavy Cavalry Archer
Dovahkyn
5:36 Loom
10:31 Feudal Age
16:02 Castle Age
15:20 Fletching
19:35 Horse Collar
21:43 Crossbowman
22:25 Padded Archer Armor
29:03 Bodkin Arrow
32:44 Double-Bit Axe
33:03 Heavy Plow
35:35 Bow Saw
39:47 Wheelbarrow
40:09 Leather Archer Armor
42:29 Gold Mining
45:39 Imperial Age
42:56 Town Watch
44:51 Yeomen
45:14 Forging
46:35 Bracer
46:58 Conscription
45:58 Elite Longbowman
49:59 Chemistry
49:20 Ballistics
48:40 Treadmill Crane
49:11 Masonry
49:09 Siege Engineers
52:59 Arbalester
54:24 Gold Shaft Mining
53:40 Stone Mining
zamithdaniel
10:51 Feudal Age
11:20 Double-Bit Axe
11:51 Horse Collar
19:45 Castle Age
18:54 Scale Barding Armor
19:01 Forging
21:50 Iron Casting
24:21 Chain Barding Armor
27:46 Husbandry
36:36 Imperial Age
34:32 Bow Saw
34:58 Bow Saw
35:21 Fishing Lines
37:27 Artillery
36:49 Elite Janissary
37:50 Conscription
37:35 Loom
38:28 Wheelbarrow
37:39 Town Watch
39:52 Hand Cart
40:18 Heavy Plow
42:22 Gold Mining
42:26 Stone Mining
42:41 Padded Archer Armor
43:41 Blast Furnace
43:17 Plate Barding Armor
45:16 Leather Archer Armor
52:26 Ring Archer Armor
Connection lost

Rejoining the realm…

Still unreachable

The connection could not be restored.

Session expired

The server has moved on; the page needs a fresh start.